 Dungeon Crawl Stone Soup version 0.27.1 (webtiles) character file.

Game seed: 18445638195230438236

183 Atelerd the Digger (level 5, 0/31 HPs)
             Began as an Octopode Earth Elementalist on Sept 1, 2021.
             Slain by a sky beast (6 damage)
             ... on level 4 of the Dungeon.
             The game lasted 00:05:20 (4477 turns).

Atelerd the Digger (Octopode Earth Elementalist)    Turns: 4477, Time: 00:05:20

Health: 0/31       AC:  1    Str:  8    XL:     5   Next: 62%
Magic:  3/9        EV: 13    Int: 18    God:
Gold:   84         SH:  0    Dex: 12    Spells: 5/10 levels left

rFire    . . .     SeeInvis .   i - +4 dagger
rCold    . . .     Faith    .   (no shield)
rNeg     . . .     Spirit   .   (helmet restricted)
rPois    .         Reflect  .   (no amulet)
rElec    .         Harm     .   (no ring)
rCorr    .         Rampage  .   (no ring)
Will     .....                  (no ring)
Stlth    +++.......             (no ring)
HPRegen  0.10/turn              (no ring)
MPRegen  0.11/turn              (no ring)
                                (no ring)
                                (no ring)

@: very slightly contaminated
A: almost no armour, amphibious, 8 rings, camouflage 1, gelatinous body 1,
(nimble swimmer 1), tentacles
a: no special abilities


You were on level 4 of the Dungeon.
You visited 1 branch of the dungeon, and saw 4 of its levels.

You collected 84 gold pieces.

Inventory:

Hand Weapons
 e - a +0 dagger
 i - a +4 dagger (weapon)
Missiles
 b - 57 stones
Scrolls
 a - a scroll of enchant armour {unknown}
 d - 2 scrolls of identify {unknown}
 f - 2 scrolls of blinking {unknown}
 g - 2 scrolls of teleportation {unknown}
 h - a scroll of fog {unknown}
 j - a scroll of noise {unknown}
 l - a scroll of torment {unknown}
Potions
 c - 2 potions of heal wounds
 k - a potion of attraction {unknown}


   Skills:
 - Level 2.0 Dodging
 + Level 3.8 Stealth
 * Level 3.0 Spellcasting
 * Level 1.7 Conjurations
 + Level 2.2 Transmutations
 + Level 1.1 Fire Magic
 * Level 3.9 Earth Magic


You had 5 spell levels left.
You knew the following spells:

 Your Spells              Type           Power      Damage    Failure   Level
a - Sandblast             Erth           32%        2d9       3%          1
b - Foxfire               Conj/Fire      28%        2x1d5     9%          1
s - Stone Arrow           Conj/Erth      24%        3d8       16%         3

Your spell library contained the following spells:

 Spells                   Type           Power      Damage    Failure   Level
 Passwall                 Tmut/Erth      10%        N/A       7%          2
 Conjure Flame            Conj/Fire      7%         6-21      26%         3
 Inner Flame              Hex/Fire       4%         N/A       36%         3
 Call Canine Familiar     Summ           2%         N/A       43%         3
 Portal Projectile        Hex/Tloc       4%         N/A       43%         3
 Petrify                  Tmut/Erth      13%        N/A       43%         4
 Leda's Liquefaction      Hex/Erth       4%         N/A       58%         4
 Conjure Ball Lightning   Conj/Air       2%         3x3d6     100%        6
 Discord                  Hex            1%         N/A       100%        8
 Disjunction              Tloc           1%         N/A       100%        8


Dungeon Overview and Level Annotations

Branches:
Dungeon (4/15)
 Temple: D:4-7

Altars:
Ru

Shops:
D:2 *   D:4 *

Annotations:
D:4 Ijyb


Innate Abilities, Weirdness & Mutations

You cannot wear most types of armour.
You are amphibious.
You can wear up to eight rings at the same time.
Your skin changes colour to match your surroundings (Stealth+).
Your rubbery body absorbs attacks. (AC +1, EV +1)
((You are camouflaged near water. (Stealth+)))
You have tentacles for arms and can constrict up to eight enemies at once.


Message History

Nothing appears to happen.
The foxfire hits the sky beast but does no damage.
The sky beast flickers out of sight!
Deactivating autopickup; reactivate with Ctrl-A.
Casting: Foxfire (safe; 9% risk of failure)
Confirm with . or Enter, or press ? or * to list all spells.
You miscast Foxfire.
Nothing appears to happen.
Casting: Foxfire (safe; 9% risk of failure)
Confirm with . or Enter, or press ? or * to list all spells.
Aiming: Sandblast (safe; 3% risk of failure)
Press: ? - help, Shift-Dir - straight line The blast of sand hits something!
Casting: Sandblast (safe; 3% risk of failure)
Confirm with . or Enter, or press ? or * to list all spells.
Aiming: Sandblast (safe; 3% risk of failure)
Press: ? - help, Shift-Dir - straight line The blast of sand hits something but does no damage.
Casting: Sandblast (safe; 3% risk of failure)
Confirm with . or Enter, or press ? or * to list all spells.
Aiming: Sandblast (safe; 3% risk of failure)
Press: ? - help, Shift-Dir - straight line Something hits you.
Something shocks you.
Casting: Sandblast (safe; 3% risk of failure)
Confirm with . or Enter, or press ? or * to list all spells.
Aiming: Sandblast (safe; 3% risk of failure)
Press: ? - help, Shift-Dir - straight line Something hits you.
Something shocks you.
Casting: Sandblast (safe; 3% risk of failure)
Confirm with . or Enter, or press ? or * to list all spells.
Okay, then.
A sky beast appears from thin air!
Reactivating autopickup.
The sky beast hits you. The sky beast shocks you.
* * * LOW HITPOINT WARNING * * *
The sky beast flickers out of sight!
Deactivating autopickup; reactivate with Ctrl-A.
Something hits you.
* * * LOW HITPOINT WARNING * * *
Something shocks you.
You die...

#....##..##
#######..##
#....##...#
#<........#
#....##...#
#....##...####
#....#....#..#
#....#....#.{#
#....##..##@.#
#....###'##..+
#....#.......#
#.......#
#######'#
..)..........∩.
............###
...........#..#
.........##...+


There were no monsters in sight!

Vanquished Creatures
  An orc priest (D:3)
  Jessica (D:3)
  A killer bee zombie (D:3)
  2 adders
  2 worms (D:2)
  A dart slug (D:2)
  8 orcs (D:3)
  5 ball pythons
  3 bats
  7 endoplasms
  A giant cockroach (D:2)
  3 goblins
  13 hobgoblins
  5 jackals (D:1)
  3 quokkas
  2 frilled lizards (D:3)
  8 kobolds
  3 rats
69 creatures vanquished.

Vanquished Creatures (others)
  6 foxfires
6 creatures vanquished.

Grand Total: 75 creatures vanquished

Notes
Turn   | Place    | Note
-------+----------+-------------------------------------------
     0 | D:1      | Atelerd the Octopode Earth Elementalist began the quest for
                  | the Orb.
     0 | D:1      | Reached XP level 1. HP: 11/11 MP: 3/3
   538 | D:1      | Reached XP level 2. HP: 4/17 MP: 3/5
  1129 | D:1      | Reached XP level 3. HP: 15/21 MP: 1/6
  1133 | D:1      | Learned a level 3 spell: Stone Arrow
  1308 | D:1      | Learned a level 1 spell: Foxfire
  1711 | D:2      | Found a sacrificial altar of Ru.
  1742 | D:2      | Found Leehonyusi's General Store.
  2443 | D:2      | Reached XP level 4. HP: 14/27 MP: 2/7
  3109 | D:3      | Reached skill level 1 in Conjurations
  3332 | D:3      | Reached skill level 1 in Fire Magic
  3332 | D:3      | Reached XP level 5. HP: 25/31 MP: 5/9
  3605 | D:3      | Noticed Jessica
  3612 | D:3      | Killed Jessica
  4178 | D:4      | Noticed Ijyb
  4462 | D:4      | Found Pemoe's Neck Hole.
  4462 | D:4      | Noticed a sky beast
  4477 | D:4      | Slain by a sky beast

Illustrated notes

Levels and vault maps discovered:
D:1:      roderic_dead_forest, layout_basic
D:2:      layout_basic, serial_shops, shop_fountains, basic_altar,
          minmay_pentomino_x2
D:3:      layout_loops_ring, uniq_jessica
D:4:      layout_gridville, dancing_weapons_uskayaw, gammafunk_ghost_stat_death,
          nicolae_shop_sticking_my_neck_out, uniq_ijyb

Skill      XL: |  1  2  3  4  5 |
---------------+----------------+-----
Stealth        | 3 |  3.8
Conjurations   | 1 |  1.7
Transmutations | 2 |  2.2
Fire Magic     | 1 |  1.1
Spellcasting   | 3 |  3.0
Dodging        | |  2.0
Earth Magic    | |  3.9

Action                   |  1- 3 |  4- 6 || total
-------------------------+-------+-------++-------
Melee: Unarmed           |    36 |       ||    36
       Constrict         |    19 |    12 ||    31
       Tentacles         |    15 |    10 ||    25
       Dagger            |    61 |    59 ||   120
 Cast: Sandblast         |    13 |    15 ||    28
       Foxfire           |       |     5 ||     5
  Use: Potion            |     1 |       ||     1
 Stab: Sleeping          |     6 |     7 ||    13
Armor: Skin              |     7 |     4 ||    11
Dodge: Dodged            |    64 |    31 ||    95
